 Dungeon Crawl Stone Soup version 0.21-a0-401-g0b6bec4 (webtiles) character file.

10581 Mitsuki the Grappler (level 11, -4/109 HPs)
             Began as a Troll Fighter on Oct 25, 2017.
             Was a Priest of Qazlal.
             Splashed by an oklob plant's acid (14 damage)
             ... on level 3 of the Lair of Beasts.
             The game lasted 00:27:01 (9298 turns).

Mitsuki the Grappler (Troll Fighter)                Turns: 9298, Time: 00:27:01

Health: -4/109     AC: -8    Str: 29      XL:     11   Next: 38%
Magic:  13/13      EV: 12    Int:  7 (8)  God:    Qazlal [***...]
Gold:   623        SH: 14    Dex:  8 (9)  Spells: 10/10 levels left

rFire    . . .     SeeInvis .     - Unarmed
rCold    . . .     Gourm    +   b - +0 shield
rNeg     + . .     Faith    .   n - +2 robe {rN+}
rPois    .         Spirit   .   (helmet restricted)
rElec    .         Reflect  .   g - +0 cloak
rCorr    .         Harm     .   (gloves unavailable)
MR       +....                  (boots unavailable)
Stlth    +.........             k - amulet of rage
HPRegen  1.08/turn              A - +4 ring of intelligence
MPRegen  0.13/turn              (no ring)

@: corroded
A: unfitting armour, claws 3, fast metabolism 3, gourmand, magic resistance 1,
mutation resistance 1, regeneration 2, shaggy fur 1, tough skin 2
a: Upheaval, Elemental Force, Renounce Religion, Evoke Berserk Rage


You were on level 3 of the Lair of Beasts.
You worshipped Qazlal.
Qazlal was most pleased with you.
You were very full.

You visited 2 branches of the dungeon, and saw 13 of its levels.

You collected 623 gold pieces.

Inventory:

Missiles
 M - a throwing net (quivered)
Armour
 b - a +0 shield (worn)
 g - a +0 cloak (worn)
 n - a +2 robe of positive energy (worn)
Jewellery
 k - an amulet of rage (around neck)
 A - a +4 ring of intelligence (left claw)
 J - an uncursed ring of ice {unknown}
 N - an uncursed ring of protection from cold {unknown}
 P - an uncursed ring of ice {unknown}
Wands
 s - a wand of disintegration (13/24)
 z - a wand of confusion (41/48)
 F - a wand of lightning (8/15)
 G - a wand of scattershot (4/9)
 O - a wand of acid (3/15)
Scrolls
 e - 2 scrolls of random uselessness {unknown}
 f - 5 scrolls of remove curse {unknown}
 j - 2 scrolls of enchant weapon {unknown}
 l - 2 scrolls of magic mapping {unknown}
 o - 5 scrolls of enchant armour {unknown}
 r - 13 scrolls of identify {unknown}
 t - 7 scrolls of teleportation {unknown}
 u - 3 scrolls of amnesia {unknown}
 v - a scroll of blinking {unknown}
 y - a scroll of recharging {unknown}
 K - a scroll of summoning {unknown}
 L - a scroll of immolation {unknown}
Potions
 c - 2 potions of might
 i - 5 potions of flight {unknown}
 q - a potion of agility
 w - 8 potions of curing
 x - 3 potions of brilliance
 C - 3 potions of heal wounds
 E - a potion of ambrosia
 I - a potion of invisibility
Books
 a - a book of Changes

   Spells                             Type                      Level
   a - Beastly Appendage              Transmutation                1
   b - Sticks to Snakes               Transmutation                2
   c - Spider Form                    Transmutation/Poison         3
   d - Ice Form                       Ice/Transmutation            4
   e - Blade Hands                    Transmutation                5
 h - a book of Geomancy

   Spells                             Type                      Level
   a - Sandblast                      Earth                        1
   b - Passwall                       Transmutation/Earth          2
   c - Stone Arrow                    Conjuration/Earth            3
   d - Petrify                        Transmutation/Earth          4
   e - Lee's Rapid Deconstruction     Earth                        5
 B - a book of Conjurations

   Spells                             Type                      Level
   a - Magic Dart                     Conjuration                  1
   b - Searing Ray                    Conjuration                  2
   c - Dazzling Spray                 Conjuration/Hexes            3
   d - Fulminant Prism                Conjuration/Hexes            4
   e - Force Lance                    Conjuration/Translocation    4
   f - Iskenderun's Mystic Blast      Conjuration                  4
 H - a book of Minor Magic

   Spells                             Type                      Level
   a - Magic Dart                     Conjuration                  1
   b - Blink                          Translocation                2
   c - Call Imp                       Summoning                    2
   d - Slow                           Hexes                        2
   e - Conjure Flame                  Conjuration/Fire             3
   f - Mephitic Cloud                 Conjuration/Poison/Air       3
Comestibles
 d - 7 bread rations
 m - 16 royal jellies
 p - 6 meat rations
 D - 7 fruits


   Skills:
 + Level 7.4 Fighting
 + Level 7.4 Dodging
 + Level 7.3 Shields
 + Level 9.1 Unarmed Combat
 - Level 5.0 Evocations


You had 10 spell levels left.
You didn't know any spells.

Dungeon Overview and Level Annotations

Branches:
Dungeon (10/15)            Temple (0/1) D:6            Lair (3/6) D:9
  Swamp: Lair:2-4    Shoals: Lair:2-4     Snake: Lair:2-4    Spider: Lair:2-4
    Orc: D:9-12

Altars:
Cheibriados
Qazlal

Shops:
D:6 :

Annotations:
Lair:3 exclusion: 3 oklob plants


Innate Abilities, Weirdness & Mutations

You are too large for most types of armour.
You have claws for hands.
Your metabolism is lightning-fast.
You like to eat raw meat.
You heal very quickly.
You are covered in fur. (AC +1)
You have very tough skin. (AC +2)
You are resistant to hostile enchantments. (MR+)
You are somewhat resistant to further mutation.


Message History

The oklob plant spits acid at you. The splash of acid hits you!
The acid corrodes you!
You are splashed with acid!
The acid burns!
You take 24 damage, and have 70/109 hp.
MASSIVE DAMAGE!!
The oklob plant spits acid at you. The splash of acid hits you!
The acid corrodes you!
You are splashed with acid!
The acid burns!
You take 28 damage, and have 42/109 hp.
MASSIVE DAMAGE!!
The oklob plant spits acid at you. The splash of acid hits you!
* * * LOW HITPOINT WARNING * * *
The acid corrodes you!
You are splashed with acid!
The acid burns!
* * * LOW HITPOINT WARNING * * *
You take 25 damage, and have 17/109 hp.
MASSIVE DAMAGE!!
You regained 2 hp, and now have 20/109 hp.
The oklob plant spits acid at you. The splash of acid hits you!
* * * LOW HITPOINT WARNING * * *
The acid corrodes you!
You are splashed with acid!
The acid burns!
You die...

### .....## ######.##
.....#. #[(=PP..# ..
###...#.
#$$$PP..########...##.P.....
#...$...!.P.##.#..##P.......
#P...P.....(.#...# #......#
######.§.........####......<
##..§.§...#.#.#P.......
###.#@................
###.#..##........#P.
###.......###...#...
#.....#.#...........
##................#.
#...................
###)....)...........
###....#....#.....
#####.............#.


You could see 2 oklob plants.

Vanquished Creatures
  A hydra (Lair:1)
  A two-headed ogre (D:8)
  A centaur zombie (D:9)
  2 spiny frogs (Lair:1)
  2 komodo dragons (Lair:3)
  A troll (D:9)
  A blink frog (Lair:3)
  2 hippogriffs
  Sigmund (D:6)
  11 yaks
  4 water moccasins
  Duvessa (D:6)
  8 porcupines (Lair:1)
  4 sky beasts
  2 orc warriors (D:9)
  2 phantoms
  A black bear (D:8)
  3 ogres
  4 centaurs
  3 crocodiles
  3 big kobolds
  Blork the orc (D:5)
  5 bullfrogs
  Dowan (D:6)
  5 scorpions
  2 howler monkeys
  3 crimson imps
  A quasit (D:7)
  2 hounds (D:7)
  5 jellies
  9 orc wizards
  6 orc priests
  2 bullfrog skeletons
  A centaur skeleton (D:4)
  Terence (D:2)
  2 iguanas
  Natasha (thrice) (D:2)
  Ijyb (D:5)
  4 worker ants
  A worker ant zombie (D:9)
  7 gnolls
  8 adders
  A howler monkey skeleton (D:5)
  5 oozes (D:8)
  3 adder skeletons
  5 worms
  A dart slug (D:2)
  9 leopard geckos
  23 orcs
  5 giant cockroaches
  4 goblins
  4 hobgoblins
  5 jackals
  19 kobolds
  5 quokkas
  2 ball pythons (D:5)
  6 bats
  5 frilled lizards
  5 rats
235 creatures vanquished.

Vanquished Creatures (others)
  6 fungi
  3 plants (Lair:3)
9 creatures vanquished.

Grand Total: 244 creatures vanquished

Notes
Turn   | Place    | Note
-------+----------+-------------------------------------------
     0 | D:1      | Mitsuki the Troll Fighter began the quest for the Orb.
     0 | D:1      | Reached XP level 1. HP: 22/22 MP: 0/0
   101 | D:1      | Reached XP level 2. HP: 29/29 MP: 1/1
   481 | D:1      | Reached XP level 3. HP: 35/36 MP: 2/2
   829 | D:2      | Noticed Terence
   836 | D:2      | Killed Terence
   836 | D:2      | Reached skill level 3 in Unarmed Combat
   836 | D:2      | Reached skill level 1 in Evocations
   871 | D:2      | Noticed Natasha
   880 | D:2      | Killed Natasha
   880 | D:2      | Reached XP level 4. HP: 21/44 MP: 2/4
   924 | D:2      | Noticed Natasha
   939 | D:2      | Killed Natasha
  1071 | D:2      | Noticed Natasha
  1084 | D:2      | Killed Natasha
  1084 | D:2      | Reached XP level 5. HP: 38/50 MP: 5/5
  2002 | D:4      | Reached skill level 4 in Unarmed Combat
  2027 | D:4      | Noticed a sky beast
  2081 | D:4      | Killed a sky beast
  2081 | D:4      | Reached XP level 6. HP: 22/61 MP: 6/6
  2429 | D:4      | Reached XP level 7. HP: 50/67 MP: 8/8
  2832 | D:5      | Entered Level 5 of the Dungeon
  2844 | D:5      | Reached skill level 5 in Unarmed Combat
  3062 | D:5      | Reached XP level 8. HP: 55/78 MP: 9/9
  3162 | D:5      | Noticed Blork the orc
  3166 | D:5      | Noticed Ijyb
  3173 | D:5      | Killed Blork the orc
  3180 | D:5      | Killed Ijyb
  3715 | D:6      | Found a stormy altar of Qazlal.
  3730 | D:6      | Became a worshipper of Qazlal Stormbringer
  3781 | D:6      | Noticed Sigmund
  3789 | D:6      | Killed Sigmund
  3831 | D:6      | Reached skill level 6 in Unarmed Combat
  3860 | D:6      | Found Ziuhip's Book Emporium.
  3983 | D:6      | Found a staircase to the Ecumenical Temple.
  4098 | D:6      | Noticed Duvessa
  4109 | D:6      | Killed Duvessa
  4111 | D:6      | Noticed Dowan
  4115 | D:6      | Killed Dowan
  4115 | D:6      | Reached XP level 9. HP: 58/85 MP: 11/11
  4559 | D:7      | Reached skill level 5 in Fighting
  4803 | D:7      | Reached skill level 5 in Dodging
  4998 | D:7      | Reached skill level 5 in Shields
  5231 | D:8      | Reached * piety under Qazlal
  5339 | D:8      | Gained mutation: Your body sometimes deteriorates upon taking damage. [mutagenic meat]
  5340 | D:8      | Gained mutation: Potions are less effective at restoring your health. [mutagenic meat]
  5341 | D:8      | Gained mutation: You can translocate small distances at will. [mutagenic meat]
  5342 | D:8      | Gained mutation: Your flesh is cold resistant. (rC+) [mutagenic meat]
  5343 | D:8      | Gained mutation: You are resistant to hostile enchantments. (MR+) [mutagenic meat]
  5344 | D:8      | Gained mutation: You are somewhat resistant to further mutation. [mutagenic meat]
  5412 | D:8      | Found a snail-covered altar of Cheibriados.
  5711 | D:8      | Noticed a two-headed ogre
  5716 | D:8      | Killed a two-headed ogre
  5716 | D:8      | Reached skill level 7 in Unarmed Combat
  5716 | D:8      | Reached skill level 5 in Evocations
  5974 | D:9      | Reached XP level 10. HP: 79/98 MP: 12/12
  6091 | D:9      | Reached ** piety under Qazlal
  6218 | D:9      | Gained mutation: Scrolls take you a little longer to read. [mutagenic meat]
  6316 | D:9      | Found a staircase to the Lair.
  6908 | Lair:1   | Entered Level 1 of the Lair of Beasts
  6926 | Lair:1   | Noticed a spiny frog
  6938 | Lair:1   | Killed a spiny frog
  6938 | Lair:1   | Reached skill level 8 in Unarmed Combat
  7098 | Lair:1   | Noticed an eight-headed hydra
  7108 | Lair:1   | Killed an 11-headed hydra
  7469 | Lair:1   | Noticed a spiny frog
  7542 | Lair:1   | Killed a spiny frog
  7542 | Lair:1   | Reached XP level 11. HP: 58/107 MP: 13/13
  7701 | D:10     | Entered Level 10 of the Dungeon
  7728 | D:9      | Lost mutation: Scrolls take you a little longer to read. [potion of mutation]
  7728 | D:9      | Lost mutation: Potions are less effective at restoring your health. [potion of mutation]
  7729 | D:9      | Lost mutation: Your body sometimes deteriorates upon taking damage. [potion of mutation]
  7729 | D:9      | Lost mutation: Your flesh is cold resistant. (rC+) [potion of mutation]
  7729 | D:9      | Lost mutation: You can translocate small distances at will. [potion of mutation]
  7729 | D:9      | Gained mutation: You heal very quickly. [potion of mutation]
  7765 | Lair:1   | Reached *** piety under Qazlal
  8497 | Lair:2   | Reached skill level 9 in Unarmed Combat
  9285 | Lair:3   | Noticed an oklob plant
  9285 | Lair:3   | Noticed an oklob plant
  9288 | Lair:3   | Noticed an oklob plant
  9289 | Lair:3   | Found the +0 Maxwell's etheric cage {RegenMP+ *Contam rElec MP+4}
  9298 | Lair:3   | Splashed by an oklob plant's acid

Vault maps used:
D:1:      sevenhm_arrival_forest_fort_large_1, due_unseen_surprise
D:2:      uniq_natasha, uniq_terence
D:3:      first_bread
D:4:      serial_bayou_pond_c
D:5:      uniq_blork_the_orc, uniq_ijyb
D:6:      temple_statues, basic_altar, serial_shops, shop_fountains,
          uniq_duvessa, uniq_sigmund
D:8:      nicolae_overflow_crystal_walls, hangedman_little_slice_of_home
D:9:      dpeg_oklobed_lair
D:10:     serial_shops, nicolae_shop_behind_doors,
          nicolae_gozag_cash_rules_everything_around_me, uniq_josephine,
          uniq_sonja
Lair:1:   beast_lair_carwin_10
Lair:3:   worms_lemuel, lemuel_fruit_tree, minmay_lair_oklob_chamber

Skill      XL: |  1  2  3  4  5  6  7  8  9 10 11 |
---------------+----------------------------------+-----
Unarmed Combat | 3 4 5 6 7 8 9 |  9.1
Evocations     | 1 2 3 4 5 |  5.0
Fighting       | 3 4 5 6 7 |  7.4
Dodging        | 3 4 5 6 7 |  7.4
Shields        | 3 4 5 6 7 |  7.3

Action                   |  1- 3 |  4- 6 |  7- 9 | 10-12 || total
-------------------------+-------+-------+-------+-------++-------
Melee: Unarmed           |   107 |   190 |   325 |   290 ||   912
  Use: Potion            |       |       |       |     8 ||     8
 Stab: Sleeping          |       |     1 |       |       ||     1
       Invisible         |       |       |       |     4 ||     4
  Eat: Chunk             |    14 |    14 |    31 |    44 ||   103
Armor: Robe              |    34 |    65 |    85 |    26 ||   210
Dodge: Dodged            |    36 |    59 |    82 |    94 ||   271
Block: Shield            |    44 |    82 |   139 |   178 ||   443

Table legend:
 A = Spawn XP
 B = Non-spawn XP
 C = Spawn XP percentage of total XP
 D = Spawn monster count
 E = Non-spawn monster count
 F = Spawn count percentage of total count
 G = Total turns spent on level
                    A         B        C        D         E        F      G
               +---------+---------+-------+---------+---------+-------+---------
         Total |       0 |   15117 |   0.0 |       0 |     235 |   0.0 |  9298
               +---------+---------+-------+---------+---------+-------+---------
           D:1 |       0 |      43 |   0.0 |       0 |      24 |   0.0 |   688
           D:2 |       0 |     185 |   0.0 |       0 |      14 |   0.0 |   743
           D:3 |       0 |      22 |   0.0 |       0 |      13 |   0.0 |   563
           D:4 |       0 |     789 |   0.0 |       0 |      32 |   0.0 |   838
           D:5 |       0 |    1134 |   0.0 |       0 |      29 |   0.0 |   863
           D:6 |       0 |     699 |   0.0 |       0 |       9 |   0.0 |   691
           D:7 |       0 |     930 |   0.0 |       0 |      18 |   0.0 |   761
           D:8 |       0 |    1681 |   0.0 |       0 |      21 |   0.0 |   816
           D:9 |       0 |    2507 |   0.0 |       0 |      39 |   0.0 |  1125
        Lair:1 |       0 |    5430 |   0.0 |       0 |      24 |   0.0 |  1227
        Lair:2 |       0 |     517 |   0.0 |       0 |       4 |   0.0 |   743
        Lair:3 |       0 |    1180 |   0.0 |       0 |       8 |   0.0 |   238
               +---------+---------+-------+---------+---------+-------+---------
